AoeStats
← taileibuxiang3

Arabia

504074379Analyzed
1v1 RM · 27d ago on Sep 3, 2026· 37m 27s· 2 players
Game mode
Random Map
Map size
Tiny (2 player)
Population
200
Speed
Normal
Resources
Standard
Victory
Conquest
Starting age
Dark Age
Ending age
Imperial Age
RankedLock teamsTeams togetherTeam positionsShared explorationLock speedFull tech treeHidden civsTurbo modeCheats
Victory
Defeat
🇨🇳 Poles · China
1045
+46
🇦🇷 Mongols · Argentina
1046
-16
taileibuxiang3
7:27 Loom
9:39 Feudal Age
10:23 Double-Bit Axe
10:48 Horse Collar
20:28 Castle Age
20:54 Scale Barding Armor
21:02 Forging
20:32 Light Cavalry
21:35 Bow Saw
23:40 Bloodlines
23:30 Husbandry
24:04 Heavy Plow
27:08 Iron Casting
26:54 Chain Barding Armor
29:28 Elite Skirmisher
32:38 Szlachta Privileges
32:32 Town Watch
36:44 Imperial Age
34:23 Fletching
34:33 Padded Archer Armor
36:10 Bodkin Arrow
Pepi Zapata
3:18 Loom
9:07 Feudal Age
10:31 Double-Bit Axe
21:09 Castle Age
19:15 Horse Collar
22:10 Bow Saw
21:26 Elite Skirmisher
24:43 Pikeman
25:44 Forging
26:36 Fletching
27:35 Wheelbarrow
26:49 Town Watch
27:14 Padded Archer Armor
30:13 Scale Mail Armor
30:44 Stone Mining
31:00 Squires
31:55 Heavy Plow
32:12 Gold Mining
33:50 Iron Casting
34:29 Hand Cart
35:56 Chain Mail Armor
36:49 Stone Shaft Mining
Connection lost

Rejoining the realm…

Still unreachable

The connection could not be restored.

Session expired

The server has moved on; the page needs a fresh start.